 Dungeon Crawl Stone Soup version 0.30-a0-422-g946f4849ff (webtiles) character file.

Game seed: 12941419732982952516

7255 funkygono the Thaumaturge (level 10, -8/68 HPs)
             Began as a Demonspawn Fire Elementalist on Dec 7, 2022.
             Mangled by a boulder beetle (16 damage)
             ... on level 10 of the Dungeon on Dec 8, 2022.
             The game lasted 00:22:30 (12474 turns).

funkygono the Thaumaturge (DsFE)                   Turns: 12474, Time: 00:22:31

Health: -8/68      AC: 13    Str:  9    XL:     10   Next: 88%
Magic:  12/24      EV: 12    Int: 23    God:
Gold:   586        SH:  4    Dex: 13    Spells: 16/29 levels left

rFire   + . .      SeeInvis .    h - +4 falchion
rCold   . . .      Faith    .    (no shield)
rNeg    . . .      Spirit   .    g - +2 leather armour {Will+}
rPois   .          Reflect  .    (helmet restricted)
rElec   .          Harm     .    z - +1 cloak
rCorr   .          Rampage  .    (no gloves)
Will    +....                    r - +1 pair of boots
Stlth   ++........               E - amulet of the acrobat
HPRegen 0.31/turn                j - ring of flight
MPRegen 0.19/turn                k - ring of protection from fire

@: flying
A: horns 2, icemail 1, powered by pain 2, big brain 1, condensation shield
a: no special abilities


You were on level 10 of the Dungeon.
You visited 2 branches of the dungeon, and saw 11 of its levels.
You also visited: Ossuary and Bailey.

You collected 586 gold pieces.

Inventory:

Hand Weapons
 h - a +4 falchion (weapon)
 l - a +4 dagger of venom
 v - a +0 whip of freezing
 y - a +2 quarterstaff of chaos
 G - a +0 falchion of protection
 H - a +2 mace of protection
Missiles
 b - 8 throwing nets (quivered)
Armour
 g - a +2 leather armour of willpower (worn)
 r - a +1 pair of boots (worn)
 z - a +1 cloak (worn)
 A - +0 steam dragon scales
 L - a +0 kite shield of protection
Magical Staves
 n - a staff of earth
Jewellery
 j - a ring of flight (left hand)
 k - a ring of protection from fire (right hand)
 E - an amulet of the acrobat (around neck)
Wands
 c - a wand of iceblast (2)
 f - a wand of polymorph (4)
 t - a wand of charming (17)
 F - a wand of flame (26)
Scrolls
 a - a scroll of amnesia
 e - a scroll of blinking
 o - a scroll of poison
 B - a scroll of teleportation
 D - a scroll of fog
Potions
 d - a potion of magic
 i - a potion of ambrosia
 m - a potion of mutation
 p - 5 potions of curing
 q - 2 potions of lignification
 s - 2 potions of attraction
 u - a potion of cancellation
 w - 2 potions of berserk rage
 x - a potion of flight {unknown}
 C - a potion of brilliance
 K - a potion of haste {unknown}
Miscellaneous
 I - a phial of floods


   Skills:
 + Level 2.6 Fighting
 + Level 0.1(0.2) Short Blades
 + Level 0.1 Long Blades
 + Level 1.2 Maces & Flails
 + Level 2.8 Armour
 + Level 2.9 Dodging
 - Level 1.7 Stealth
 + Level 0.2 Shields
 + Level 10.0 Spellcasting
 + Level 6.5 Conjurations
 + Level 9.4 Fire Magic
 + Level 0.9 Evocations


You had 16 spell levels left.
You knew the following spells:

 Your Spells              Type           Power      Damage    Failure   Level
a - Foxfire               Conj/Fire      100%       2x1d9     1%          1
b - Scorch                Fire           100%       2d10      1%          2
c - Kindle Blastsparks    Fire/Tloc/Air  52%        2d14      6%          3
d - Flame Wave            Conj/Fire      48%        2d12      3%          4
e - Magic Dart            Conj           100%       1d8       1%          1
f - Searing Ray           Conj           82%        2d7       1%          2

Your spell library contained the following spells:

 Spells                   Type           Power      Damage    Failure   Level
 Inner Flame              Hex/Fire       33%        N/A       3%          3
 Mephitic Cloud           Conj/Pois/Air  21%        N/A       10%         3
 Call Imp                 Summ           11%        N/A       12%         2
 Cigotuvi's Dreadful Rot  Necr/Pois/Air  22%        N/A       12%         2
 Ensorcelled Hibernation  Hex/Ice        22%        N/A       12%         2
 Fulminant Prism          Conj/Hex       13%        3d8       21%         4
 Call Canine Familiar     Summ           11%        N/A       22%         3
 Portal Projectile        Hex/Tloc       22%        N/A       22%         3
 Spider Form              Tmut/Pois      11%        N/A       22%         3
 Anguish                  Hex/Necr       5%         N/A       58%         4
 Dispel Undead            Necr           11%        3d9       58%         4
 Leda's Liquefaction      Hex/Erth       5%         N/A       58%         4
 Death Channel            Necr           5%         N/A       100%        6


Dungeon Overview and Level Annotations

Branches:
Dungeon (10/15)            Temple (1/1) D:6             Orc (0/2) D:9
Ossuary (visited)          Bailey (visited)
   Lair: D:8-11

Altars:
Ashenzari
Cheibriados
Dithmenos
Fedhas
Gozag
Hepliaklqana
Kikubaaqudgha
Makhleb
Nemelex Xobeh
Okawaru
Qazlal
Sif Muna
Trog
Uskayaw
Vehumet
Wu Jian
Xom
Yredelemnul

Shops:
D:5 *   D:7 =


Innate Abilities, Weirdness & Mutations

You have a pair of horns on your head.
A meltable icy envelope protects you from harm. (AC +4)
You sometimes gain power by taking damage.
You have an unusually large brain. (Int +2)
A meltable shield of frost defends you. (SH +4)


Message History

The searing ray hits the boulder beetle!
The boulder beetle is heavily wounded.
The boulder beetle bites you!
Casting: Searing Ray (safe; 1% risk of failure)
Confirm with . or Enter, or press ? or * to list all spells.
Restarting spell: Searing Ray (safe; 1% risk of failure)
Press: ? - help, Shift-Dir - straight line, f/p - boulder beetle
Aim: a boulder beetle (heavily wounded, 100% to hit)
The searing ray hits the boulder beetle!
The boulder beetle is heavily wounded. (Press . to maintain the ray.)
The boulder beetle bites you.
The searing ray hits the boulder beetle.
The boulder beetle is severely wounded.
The boulder beetle bites you!
* * * LOW HITPOINT WARNING * * *
The searing ray hits the boulder beetle but does no damage.
The boulder beetle is severely wounded.
The boulder beetle waves its antennae.
The boulder beetle bites you!
* * * LOW HITPOINT WARNING * * *
You feel better.
The boulder beetle bites you but does no damage.
You feel better. The boulder beetle bites you!
* * * LOW HITPOINT WARNING * * *
You feel better. The boulder beetle bites you!
* * * LOW HITPOINT WARNING * * *
Casting: Searing Ray (safe; 1% risk of failure)
Confirm with . or Enter, or press ? or * to list all spells.
Okay, then.
Casting: Searing Ray (safe; 1% risk of failure)
Confirm with . or Enter, or press ? or * to list all spells.
Aiming: Searing Ray (safe; 1% risk of failure)
Press: ? - help, Shift-Dir - straight line, f/p - boulder beetle
Aim: a boulder beetle (severely wounded, 100% to hit)
The searing ray hits the boulder beetle but does no damage.
The boulder beetle is severely wounded. (Press . to maintain the ray.)
The boulder beetle bites you!
You die...

##.#########...
.............P.
..............P
.[.............
...............
P...!..........
P..............
!......@.......
.:......B......
...............
...............
...............
.....#####.....
###.. ..... #..
.....


You could see a boulder beetle.

Vanquished Creatures
  Pikel (D:3)
  Maggie (D:6)
  A wraith (D:9)
  Grum (Bailey)
  2 steam dragons
  Eustachio (D:6)
  Menkaure (D:4)
  2 acid dragons
  2 water moccasins
  A black bear (D:6)
  2 orc warriors
  3 ogres
  5 wolves (Bailey)
  2 centaurs
  A lemure (D:4)
  2 phantoms
  An elf zombie (Ossuary)
  5 bullfrogs
  9 gnoll sergeants
  A necrophage (D:5)
  13 wights
  5 killer bees (D:8)
  6 howler monkeys
  8 crimson imps (D:8)
  A centaur zombie (Ossuary)
  4 hounds
  4 jellies
  2 human zombies (Ossuary)
  8 orc priests
  7 gnoll boudas
  Crazy Yiuf (D:4)
  Jessica (D:2)
  13 orc wizards
  3 mummies (Ossuary)
  22 gnolls
  6 adders
  2 white imps (D:8)
  2 ufetubi
  4 adder zombies (Ossuary)
  A worm (D:2)
  4 dart slugs
  48 orcs
  A ball python (D:1)
  5 endoplasms
  2 giant cockroaches
  A gnoll zombie (Ossuary)
  12 goblins
  2 hobgoblins
  3 quokkas
  7 bats
  2 frilled lizards (D:1)
  A goblin zombie (Ossuary)
  3 hobgoblin zombies (Ossuary)
  6 jackal zombies (Ossuary)
  5 kobolds
  5 kobold zombies (Ossuary)
  4 orc zombies (Ossuary)
  4 quokka zombies (Ossuary)
  7 rats
  A rat zombie (Ossuary)
280 creatures vanquished.

Vanquished Creatures (others)
  905 foxfires
905 creatures vanquished.

Grand Total: 1185 creatures vanquished

Notes
Turn   | Place    | Note
-------+----------+-------------------------------------------
     0 | D:1      | funkygono the Demonspawn Fire Elementalist began the quest
                  | for the Orb.
     0 | D:1      | Reached XP level 1. HP: 13/13 MP: 3/3
   264 | D:1      | Gained mutation: You sometimes gain a little power by
                  | taking damage. [demonic ancestry]
   264 | D:1      | Reached XP level 2. HP: 19/19 MP: 1/5
   267 | D:1      | Learned a level 2 spell: Scorch
   961 | D:1      | Gained mutation: You have a pair of small horns on your
                  | head. [demonic ancestry]
   961 | D:1      | Reached XP level 3. HP: 24/24 MP: 0/6
   965 | D:1      | Learned a level 3 spell: Kindle Blastsparks
  1200 | D:2      | Noticed Jessica
  1205 | D:2      | Killed Jessica
  1803 | D:2      | Gained mutation: You have an unusually large brain. (Int
                  | +2) [demonic ancestry]
  1803 | D:2      | Reached XP level 4. HP: 30/30 MP: 4/8
  2268 | D:3      | Reached skill level 3 in Spellcasting
  2373 | D:3      | Identified the +3 quarterstaff "Killer Klown's Doom"
                  | {vorpal, rElec Int+2 Dex+2}
  2702 | D:3      | Gained mutation: You sometimes gain power by taking damage.
                  | [demonic ancestry]
  2702 | D:3      | Reached XP level 5. HP: 32/35 MP: 1/9
  3187 | D:4      | Gained mutation: You have a pair of horns on your head.
                  | [demonic ancestry]
  3187 | D:4      | Reached XP level 6. HP: 42/42 MP: 7/11
  3287 | D:4      | Reached skill level 4 in Spellcasting
  3488 | D:4      | Found a sand-covered staircase.
  3489 | D:4      | Noticed Menkaure
  3496 | D:4      | Killed Menkaure
  3497 | D:4      | Reached skill level 1 in Armour
  3497 | D:4      | Reached XP level 7. HP: 32/47 MP: 2/14
  3503 | Ossuary  | Entered an ossuary
  4169 | Ossuary  | Reached skill level 5 in Spellcasting
  4169 | Ossuary  | Reached skill level 5 in Fire Magic
  4538 | Ossuary  | Upgraded the game from 0.30-a0-404-g0b3c3f4973 to
                  | 0.30-a0-422-g946f4849ff
  4549 | Ossuary  | Learned a level 4 spell: Flame Wave
  4633 | D:4      | Noticed Pikel
  4672 | D:3      | Killed Pikel
  4673 | D:3      | Reached skill level 6 in Spellcasting
  4673 | D:3      | Gained mutation: A meltable shield of frost defends you.
                  | (SH +4) [demonic ancestry]
  4673 | D:3      | Reached XP level 8. HP: 14/53 MP: 0/17
  4972 | D:4      | Found a runed translucent door.
  4973 | D:4      | Noticed Crazy Yiuf
  5086 | D:4      | Found a snail-covered altar of Cheibriados.
  5086 | D:4      | Found a shadowy altar of Dithmenos.
  5215 | D:4      | Killed Crazy Yiuf
  5243 | D:4      | Learned a level 1 spell: Magic Dart
  5269 | D:5      | Entered Level 5 of the Dungeon
  5537 | D:5      | Found Uveixaw's Assorted Antiques.
  5765 | D:5      | Reached skill level 7 in Spellcasting
  6584 | D:6      | Gained mutation: A meltable icy envelope protects you from
                  | harm. (AC +4) [demonic ancestry]
  6584 | D:6      | Reached XP level 9. HP: 58/58 MP: 15/20
  6614 | D:6      | Noticed Maggie
  6740 | D:6      | Killed Maggie
  6932 | D:6      | Reached skill level 8 in Spellcasting
  7199 | D:6      | Found a staircase to the Ecumenical Temple.
  7219 | Temple   | Entered the Ecumenical Temple
  7439 | D:6      | Noticed Eustachio
  7446 | D:6      | Found a shimmering blue altar of Sif Muna.
  7488 | D:6      | Killed Eustachio
  7489 | D:6      | Reached skill level 1 in Fighting
  7620 | D:6      | Found a hide-covered altar of Uskayaw.
  7991 | D:7      | Reached skill level 1 in Maces & Flails
  8003 | D:7      | Reached skill level 5 in Conjurations
  8213 | D:7      | Reached skill level 9 in Spellcasting
  8230 | D:7      | Reached XP level 10. HP: 65/65 MP: 9/23
  8422 | D:7      | Found a shimmering altar of Xom.
  8730 | D:7      | Found Koaguofu's Jewellery Shop.
  9035 | D:8      | Found a flagged portal.
  9157 | Bailey   | Entered a bailey
  9866 | Bailey   | Noticed Grum
  9873 | Bailey   | Killed Grum
 11189 | D:8      | Learned a level 2 spell: Searing Ray
 11561 | D:9      | Found a staircase to the Orcish Mines.
 11958 | D:9      | Reached skill level 10 in Spellcasting
 12449 | D:10     | Entered Level 10 of the Dungeon
 12449 | D:10     | Noticed a boulder beetle
 12470 | D:10     | HP: 2/68 [boulder beetle (12)]
 12474 | D:10     | Mangled by a boulder beetle

Illustrated notes

Levels and vault maps discovered:
D:1:      matt_arrival_diagonals, layout_basic, serial_corexii_hall,
          chequers_hall_statues_y, corexii_hall_statues_x
D:2:      minmay_wonky_spiral, layout_basic, minmay_quantized, uniq_jessica
D:3:      layout_basic, kennysheep_generic_room_13
D:4:      layout_cave_pools, gammafunk_temple_overflow_elements,
          nicolae_ossuary_entry_monument, uniq_crazy_yiuf_cottage,
          uniq_menkaure, uniq_pikel
D:5:      layout_cave_pods, serial_shops, kennysheep_mini, minmay_holes
D:6:      layout_basic, minmay_overflow_temple_star_quad,
          minmay_temple_entry_statues, uniq_eustachio, uniq_maggie
D:7:      layout_layer_cave, lemuel_crystal_altar, hangedman_decor_growths,
          nicolae_stop_n_shop_1
D:8:      layout_gridville, enter_bailey_2, minmay_nine_imps
D:9:      layout_stronghold, orc_0_dummy
D:10:     layout_small_grid, mainiacjoe_overflow_brackets,
          due_lair_maze_entry_diamond, serial_undead, serial_undead_e,
          serial_undead_e, serial_undead_d, serial_undead_b, uniq_erolcha
Temple:   eino_wide_crystal_templ

Skill      XL: |  1  2  3  4  5  6  7  8  9 10 |
---------------+-------------------------------+-----
Fire Magic     | 3 4 5 6 8 9 |  9.4
Dodging        | 2 |  2.9
Spellcasting   | 3 4 6 7 9 10 | 10.0
Conjurations   | 2 3 4 5 6 |  6.5
Armour         | 1 2 |  2.8
Fighting       | 1 2 |  2.6
Maces & Flails | 1 |  1.2
Short Blades   | |  0.1
Long Blades    | |  0.1
Stealth        | |  1.7
Shields        | |  0.2
Evocations     | |  0.9

Action                   |  1- 3 |  4- 6 |  7- 9 | 10-12 || total
-------------------------+-------+-------+-------+-------++-------
Melee: Club              |     7 |       |       |       ||     7
       Dagger            |       |    22 |     3 |       ||    25
       Headbutt          |       |     5 |     5 |     5 ||    15
       Flail             |       |       |    17 |       ||    17
       Punch             |       |       |     1 |       ||     1
       Falchion          |       |       |       |    27 ||    27
 Cast: Foxfire           |    54 |    49 |   253 |   161 ||   517
       Scorch            |     4 |    23 |    63 |    42 ||   132
       Flame Wave        |       |       |     5 |     7 ||    12
       Searing Ray       |       |       |       |     4 ||     4
Evoke: Wand              |       |       |       |     9 ||     9
  Use: Scroll            |       |    12 |     4 |     4 ||    20
       Potion            |       |     1 |     2 |     3 ||     6
Armor: Robe              |    10 |     5 |       |       ||    15
       Leather armour    |       |    11 |    33 |    37 ||    81
Dodge: Dodged            |    30 |    42 |    69 |   100 ||   241
Block: Other             |       |       |     3 |    14 ||    17

Table legend: (Time is in decaauts)
 A = Elapsed time spent in this place.
 B = Non-inter-level travel time spent in this place.
 C = Inter-level travel time spent in this place.
 D = Time resting spent in this place.
 E = Time spent auto-exploring this place.
 F = Levels seen in this place.
 G = Mean time per level.
                   A        B        C        D        E       F      G
               +--------+--------+--------+--------+--------+-----+--------+
         Total |  12499 |  12166 |    333 |   1285 |   8773 |  13 |  961.5 |
       Dungeon |  10144 |   9825 |    319 |    542 |   7821 |  10 | 1014.4 |
        Temple |     57 |     44 |     13 |      0 |     29 |   1 |   57.0 |
       Ossuary |   1047 |   1047 |      0 |    108 |    734 |   1 | 1047.0 |
        Bailey |   1249 |   1249 |      0 |    635 |    189 |   1 | 1249.0 |
               +--------+--------+--------+--------+--------+-----+--------+

Top non-repeatable levels by time:
     D:5: 1304 daAuts
     D:9: 1270 daAuts
  Bailey: 1249 daAuts
     D:2: 1181 daAuts
     D:6: 1159 daAuts
     D:7: 1142 daAuts
     D:3: 1089 daAuts
     D:1: 1083 daAuts
 Ossuary: 1047 daAuts
     D:4: 977 daAuts
     D:8: 918 daAuts
  Temple: 57 daAuts
    D:10: 17 daAuts
